 Dungeon Crawl Stone Soup version 0.30-a0-222-ge547ba4400 (webtiles) character file.

Game seed: 7207738665196858368

105 KennySheep the Covered (level 4, -5/40 HPs)
             Began as an Armataur Fighter on Oct 8, 2022.
             Was a Priest of Lugonu.
             Slain by Sigmund
             ... wielding a +1 scythe of flaming
              (11 damage)
             ... on level 3 of the Dungeon.
             The game lasted 00:06:55 (2022 turns).

KennySheep the Covered (Armataur Fighter)           Turns: 2022, Time: 00:06:56

Health: -5/40      AC:  8    Str: 23    XL:     4   Next: 54%
Magic:  5/5        EV:  7    Int:  8    God:    Lugonu [***...]
Gold:   28         SH:  0    Dex: 10    Spells: 3/3 levels left

rFire   . . .      SeeInvis .    a - +0 war axe
rCold   . . .      Faith    .    c - +0 buckler
rNeg    . . .      Spirit   .    b - +0 scale mail
rPois   .          Reflect  .    q - +0 helmet
rElec   .          Harm     .    (no cloak)
rCorr   .          Roll     +    (no gloves)
Will    .....                    (no barding)
Stlth   ..........               (no amulet)
HPRegen 0.26/turn                (no ring)
MPRegen 0.09/turn                (no ring)

@: confused, mighty
A: large, rugged brown scales 3, deformed body, armoured tail, roll, long
tongue, awkward tongue
a: Renounce Religion, Depart the Abyss, Bend Space, Banish


You were on level 3 of the Dungeon.
You worshipped Lugonu.
Lugonu was most pleased with you.
You visited 1 branch of the dungeon, and saw 3 of its levels.

You collected 28 gold pieces.

Inventory:

Hand Weapons
 a - a +0 war axe (weapon)
Armour
 b - a +0 scale mail (worn)
 c - a +0 buckler (worn)
 n - a +0 hat
 q - a +0 helmet (worn)
Jewellery
 g - an amulet of faith
 h - a ring of wizardry
 k - an amulet of regeneration
 m - a ring of willpower
 t - a ring of willpower
 v - an amulet of magic regeneration
Scrolls
 e - 2 scrolls of identify {unknown}
 i - a scroll of fear {unknown}
 o - a scroll of noise {unknown}
 p - a scroll of vulnerability {unknown}
 r - a scroll of blinking {unknown}
Potions
 f - 2 potions of curing {unknown}
 j - a potion of attraction {unknown}
 l - a potion of berserk rage {unknown}
 s - a potion of magic {unknown}
 u - a potion of brilliance {unknown}


   Skills:
 + Level 3.2 Fighting
 + Level 2.3 Axes
 + Level 4.4 Armour
 + Level 4.0 Shields
 + Level 1.3 Invocations


You had 3 spell levels left.
You didn't know any spells.
Your spell library contained the following spells:

 Spells                   Type           Power      Damage    Failure   Level
 Freeze                   Ice            0%         1d3       78%         1
 Frozen Ramparts          Ice            0%         1d1       98%         3
 Hailstorm                Conj/Ice       0%         3d3       98%         3


Dungeon Overview and Level Annotations

Branches:
Dungeon (3/15)

Altars:
Lugonu

Annotations:
D:3 Sigmund


Innate Abilities, Weirdness & Mutations

You are completely covered in rugged brown scales. (AC +3, +7% HP)
Armour fits poorly on your strangely shaped body.
You have a long armoured tail.
You roll when moving toward enemies. (Rampage)
Your long tongue fully drains potion bottles. (2x potion effects)
Your tongue gives you trouble enunciating. (1.5x scroll delay)


Message History

Found an escape hatch in the floor.
There is a stone staircase leading up here.
There is a stone staircase leading up here.
Sigmund the Dreaded comes into view.
He is wielding a +1 scythe of flaming.
Sigmund shouts!
Sigmund hits you from afar with a +1 scythe of flaming.
Sigmund burns you.
You hit Sigmund.
Sigmund is lightly wounded.
Sigmund hits you with a +1 scythe of flaming!
Sigmund burns you.
You don't know any spells.
Okay, then.
You hit Sigmund.
Sigmund is moderately wounded.
Sigmund hits you with a +1 scythe of flaming!
Sigmund burns you.
You closely miss Sigmund.
Your tail-slap misses Sigmund.
Sigmund is moderately wounded.
Sigmund closely misses you.
You closely miss Sigmund.
Your tail-slap misses Sigmund.
Sigmund is moderately wounded.
An endoplasm comes into view.
Sigmund hits you with a +1 scythe of flaming.
Sigmund burns you.
* * * LOW HITPOINT WARNING * * *
You feel very mighty all of a sudden.
The endoplasm quivers.
Sigmund hits you with a +1 scythe of flaming.
* * * LOW HITPOINT WARNING * * *
Sigmund burns you.
* * * LOW HITPOINT WARNING * * *
You slash Sigmund!
Sigmund is heavily wounded.
Sigmund casts a spell at you.
You are confused.
Okay, then.
You bump into the rock wall.
Sigmund hits you with a +1 scythe of flaming!
You die...

..####### #
....>... #.##.....
...... # #.#.##
###.##....########
.......J..........
####...<########
#@#.## #@#.# #.#.#
#.#.# #.#.# #.#.#
#.#.# #.#.#


You could see Sigmund and an endoplasm.

Vanquished Creatures
  3 gnolls (D:2)
  3 adders (D:2)
  A worm (D:2)
  A dart slug (D:1)
  4 endoplasms
  3 giant cockroaches (D:1)
  2 goblins
  5 hobgoblins
  A quokka (D:2)
  4 ball pythons
  6 bats
  A frilled lizard (D:2)
  3 kobolds (D:2)
  8 rats
45 creatures vanquished.

Notes
Turn   | Place    | Note
-------+----------+-------------------------------------------
     0 | D:1      | KennySheep the Armataur Fighter began the quest for the
                  | Orb.
     0 | D:1      | Reached XP level 1. HP: 19/19 MP: 1/1
   238 | D:1      | Found a faded altar of an unknown god.
   246 | D:1      | Reached XP level 2. HP: 26/26 MP: 2/2
   250 | D:1      | Prayed at the altar of an unknown god.
   250 | D:1      | Became a worshipper of Lugonu the Unformed
   250 | D:1      | Reached * piety under Lugonu
   250 | D:1      | Reached ** piety under Lugonu
   838 | D:2      | Reached XP level 3. HP: 14/33 MP: 3/3
   957 | D:2      | Reached skill level 1 in Invocations
  1247 | D:2      | Reached XP level 4. HP: 32/38 MP: 4/4
  1512 | D:2      | Reached *** piety under Lugonu
  2014 | D:3      | Noticed Sigmund
  2022 | D:3      | Slain by Sigmund

Illustrated notes

Levels and vault maps discovered:
D:1:      dpeg_arrival_shrine, layout_basic,
          chequers_ecumenical_altar_simple_redux
D:2:      layout_basic
D:3:      gammafunk_wand_slinger, layout_loops_ring, uniq_sigmund, uniq_grinder

Skill      XL: |  1  2  3  4 |
---------------+-------------+-----
Fighting       | 3 |  3.2
Axes           | 2 |  2.3
Armour         | 4 |  4.4
Invocations    | 1 |  1.3
Shields        | 4 |  4.0

Action                   |  1- 3 |  4- 6 || total
-------------------------+-------+-------++-------
Melee: War axe           |    87 |    37 ||   124
       Tailslap          |     3 |     4 ||     7
  Use: Potion            |       |     1 ||     1
Armor: Scale mail        |    54 |    12 ||    66
Dodge: Dodged            |    37 |    15 ||    52
Block: Buckler           |    20 |     8 ||    28

Table legend: (Time is in decaauts)
 A = Elapsed time spent in this place.
 B = Non-inter-level travel time spent in this place.
 C = Inter-level travel time spent in this place.
 D = Time resting spent in this place.
 E = Time spent auto-exploring this place.
 F = Levels seen in this place.
 G = Mean time per level.
                   A        B        C        D        E       F      G
               +--------+--------+--------+--------+--------+-----+--------+
         Total |   2075 |   1889 |    186 |      0 |   1563 |   3 |  691.7 |
       Dungeon |   2075 |   1889 |    186 |      0 |   1563 |   3 |  691.7 |
               +--------+--------+--------+--------+--------+-----+--------+

Top non-repeatable levels by time:
     D:2: 1217 daAuts
     D:1: 841 daAuts
     D:3: 15 daAuts
